 Dungeon Crawl Stone Soup version 0.29-a0-419-g77450f2105 (webtiles) character file.

Game seed: 15931467370331974322

1109 yony6502 the Gusty (level 8, -5/46 HPs)
             Began as a Tengu Air Elementalist on May 17, 2022.
             Slain by a two-headed ogre
             ... wielding a +0 giant club
              (9 damage)
             ... on level 6 of the Dungeon on May 18, 2022.
             The game lasted 00:25:54 (12364 turns).

yony6502 the Gusty (Tengu Air Elementalist)        Turns: 12364, Time: 00:25:57

Health: -5/46      AC:  3    Str: 10    XL:     8   Next: 33%
Magic:  10/14      EV: 16    Int: 23    God:
Gold:   282        SH:  0    Dex: 14    Spells: 8/14 levels left

rFire   . . .      SeeInvis .   J - +5 morningstar
rCold   . . .      Faith    .   (no shield)
rNeg    . . .      Spirit   .   a - +0 robe
rPois   .          Reflect  .   (helmet restricted)
rElec   .          Harm     .   (no cloak)
rCorr   +          Rampage  .   e - +0 pair of gloves
Will    .....                   (boots unavailable)
Stlth   +++.......              (no amulet)
HPRegen 0.15/turn               j - ring of resist corrosion
MPRegen 0.14/turn               A - +6 ring of intelligence

@: flying quickly and evasively, quick
A: beak, talons 3, nimble flight
a: no special abilities


You were on level 6 of the Dungeon.
You visited 1 branch of the dungeon, and saw 6 of its levels.

You collected 282 gold pieces.

Inventory:

Hand Weapons
 c - a +4 flail
 u - a +1 dagger of electrocution
 C - a +0 flail
 H - a +2 spear
 I - a +4 dagger
 J - a +5 morningstar (weapon)
Missiles
 i - 6 poisoned darts
 y - 6 javelins
Armour
 a - a +0 robe (worn)
 e - a +0 pair of gloves (worn)
 q - a +2 pair of boots
 K - a +0 buckler
Magical Staves
 f - a staff of death
 n - a staff of poison
Jewellery
 j - a ring of resist corrosion (left hand)
 A - a +6 ring of intelligence (right hand)
 G - a ring of resist corrosion
Wands
 x - a wand of digging (5)
 F - a wand of mindburst (2)
 M - a wand of acid (12)
Scrolls
 d - 3 scrolls of enchant weapon
 h - 4 scrolls of teleportation
 k - a scroll of fear {unknown}
 m - 2 scrolls of fog
 p - a scroll of torment {unknown}
 t - a scroll of magic mapping {unknown}
 v - a scroll of blinking {unknown}
 z - a scroll of immolation {unknown}
 L - 2 scrolls of amnesia {unknown}
Potions
 b - a potion of magic
 g - 5 potions of heal wounds
 l - 4 potions of curing
 o - a potion of ambrosia
 r - a potion of haste {unknown}
 s - a potion of berserk rage
 w - a potion of invisibility {unknown}
 B - a potion of might {unknown}
 D - a potion of degeneration {unknown}
 E - a potion of flight {unknown}


   Skills:
 + Level 3.0 Fighting
 + Level 2.9(3.0) Maces & Flails
 - Level 1.0(2.1) Staves
 + Level 3.1 Armour
 + Level 4.2 Dodging
 + Level 4.3 Stealth
 + Level 3.7 Spellcasting
 + Level 4.4 Conjurations
 + Level 6.0 Air Magic


You had 8 spell levels left.
You knew the following spells:

 Your Spells              Type           Power      Damage    Failure   Level
a - Shock                 Conj/Air       100%       1d9       1%          1
b - Static Discharge      Conj/Air       28%        N/A       1%          2
c - Swiftness             Air            32%        N/A       2%          3

Your spell library contained the following spells:

 Spells                   Type           Power      Damage    Failure   Level
 Airstrike                Air            16%        N/A       9%          4


Dungeon Overview and Level Annotations

Branches:
Dungeon (6/15)             Temple (0/1) D:4

Altars:
Trog
Vehumet

Shops:
D:2 =


Innate Abilities, Weirdness & Mutations

You have a beak for a mouth.
You have claws for feet.
Your magical nature lets you fly swiftly and evasively.


Message History

A two-headed ogre comes into view.
It is wielding a +0 giant club and a +0 giant spiked club.
Aiming: Shock (safe; 1% risk of failure)
Press: ? - help, Q - select action, (/) - cycle Shift-Dir - straight line, f - two-headed ogre
Aim: a two-headed ogre, wielding a +0 giant club and a +0 giant spiked club (asleep, 100% to hit)
The zap hits the two-headed ogre.
The two-headed ogre is lightly wounded.
Okay, then.
Aiming: Shock (safe; 1% risk of failure)
Press: ? - help, Q - select action, (/) - cycle Shift-Dir - straight line, f/p - two-headed ogre
Aim: a two-headed ogre, wielding a +0 giant club and a +0 giant spiked club (lightly wounded, 88% to hit)
The zap hits the two-headed ogre.
The two-headed ogre is moderately wounded.
Aiming: Shock (safe; 1% risk of failure)
Press: ? - help, Q - select action, (/) - cycle Shift-Dir - straight line, f/p - two-headed ogre
Aim: a two-headed ogre, wielding a +0 giant club and a +0 giant spiked club (moderately wounded, 88% to hit)
The zap hits the two-headed ogre but does no damage.
The two-headed ogre is moderately wounded.
Aiming: Shock (safe; 1% risk of failure)
Press: ? - help, Q - select action, (/) - cycle Shift-Dir - straight line, f/p - two-headed ogre
Aim: a two-headed ogre, wielding a +0 giant club and a +0 giant spiked club (moderately wounded, 88% to hit)
The zap hits the two-headed ogre!
The two-headed ogre is moderately wounded.
Aiming: Shock (safe; 1% risk of failure)
Press: ? - help, Q - select action, (/) - cycle Shift-Dir - straight line, f/p - two-headed ogre
Aim: a two-headed ogre, wielding a +0 giant club and a +0 giant spiked club (moderately wounded, 88% to hit)
The zap hits the two-headed ogre!
The two-headed ogre is heavily wounded.
You hit the two-headed ogre. You claw the two-headed ogre.
You peck the two-headed ogre.
The two-headed ogre is severely wounded.
The two-headed ogre misses you.
The two-headed ogre hits you with a +0 giant spiked club!
You hit the two-headed ogre but do no damage.
You claw the two-headed ogre.
The two-headed ogre is severely wounded.
The two-headed ogre hits you with a +0 giant club!!
Ouch! That really hurt!
* * * LOW HITPOINT WARNING * * *
The two-headed ogre hits you with a +0 giant spiked club!
You die...

#.
.......................#.###
....<........###.####.#
#............#.# .#
#.###.####.#.#.# .# #.#
#.#.#.# #.# #.#.#.# #.#
....#.# #.##.:...#.#
#.@O........ ####.....#
....# .#.# # #


You could see a two-headed ogre.

Vanquished Creatures
  A sky beast (D:6)
  An ogre (D:5)
  A scorpion (D:6)
  A necrophage (D:5)
  7 wights (D:6)
  2 howler monkeys
  2 jellies
  2 hounds (D:4)
  3 iguanas
  3 gnolls (D:2)
  7 adders
  2 worms
  3 dart slugs
  6 orcs
  7 bats
  7 endoplasms
  4 goblins
  7 hobgoblins
  4 jackals (D:1)
  5 kobolds
  4 quokkas
  4 ball pythons
  4 frilled lizards
  8 rats
95 creatures vanquished.

Notes
Turn   | Place    | Note
-------+----------+-------------------------------------------
     0 | D:1      | yony6502 the Tengu Air Elementalist began the quest for the
                  | Orb.
     0 | D:1      | Reached XP level 1. HP: 10/10 MP: 4/4
    68 | D:1      | Found a faded altar of an unknown god.
   127 | D:1      | Upgraded the game from 0.29-a0-418-gc0181ea820 to
                  | 0.29-a0-419-g77450f2105
   450 | D:1      | Reached XP level 2. HP: 15/15 MP: 1/6
  2090 | D:1      | Reached XP level 3. HP: 19/19 MP: 7/7
  3107 | D:2      | Found Qyucry's Jewellery Shoppe.
  3861 | D:2      | Reached XP level 4. HP: 12/24 MP: 3/8
  5155 | D:3      | Reached skill level 1 in Fighting
  5509 | D:3      | Reached skill level 1 in Staves
  5509 | D:3      | Reached skill level 1 in Armour
  5509 | D:3      | Gained mutation: Your magical nature lets you fly swiftly
                  | and evasively. [Tengu growth]
  5509 | D:3      | Reached XP level 5. HP: 27/29 MP: 5/9
  6822 | D:4      | Learned a level 2 spell: Static Discharge
  6826 | D:4      | Learned a level 3 spell: Swiftness
  7250 | D:4      | Found a staircase to the Ecumenical Temple.
  7552 | D:4      | Reached XP level 6. HP: 34/34 MP: 11/11
  7723 | D:4      | Reached skill level 1 in Maces & Flails
  7950 | D:5      | Entered Level 5 of the Dungeon
  7981 | D:5      | Reached skill level 5 in Air Magic
  8930 | D:5      | Reached XP level 7. HP: 40/40 MP: 4/12
 11235 | D:6      | Found a radiant altar of Vehumet.
 11241 | D:6      | Found a bloodstained altar of Trog.
 11585 | D:6      | Reached XP level 8. HP: 21/45 MP: 14/14
 12030 | D:6      | Reached skill level 6 in Air Magic
 12356 | D:6      | Noticed a two-headed ogre
 12364 | D:6      | Slain by a two-headed ogre

Illustrated notes

Levels and vault maps discovered:
D:1:      dpeg_arrival_solitude, layout_basic, basic_ecumenical_altar
D:2:      layout_basic, serial_shops, nicolae_shop_advertising_works
          [nicolae_subvault_shop_adworks]
D:3:      layout_basic
D:4:      layout_loops_ring, temple_fountains
D:5:      layout_gridville
D:6:      layout_loops_ring, mainiacjoe_overflow_catwalk_spiral, serial_glass,
          glass_columns_a, glass_columns_b, glass_columns_c, glass_columns_a,
          glass_columns_a, uniq_prince_ribbit1

Skill      XL: |  1  2  3  4  5  6  7  8 |
---------------+-------------------------+-----
Conjurations   | 2 3 4 |  4.4
Fighting       | 1 2 3 |  3.0
Staves         | 1 |  1.0
Armour         | 1 2 3 |  3.1
Stealth        | 3 4 |  4.3
Dodging        | 3 4 |  4.2
Maces & Flails | 1 2 |  2.9
Air Magic      | 5 6 |  6.0
Spellcasting   | 3 |  3.7

Action                   |  1- 3 |  4- 6 |  7- 9 || total
-------------------------+-------+-------+-------++-------
Melee: Unarmed           |    16 |       |       ||    16
       Kick              |    11 |    19 |     4 ||    34
       Peck              |    10 |    14 |     3 ||    27
       Mace              |    15 |       |       ||    15
       Staff             |     5 |    45 |       ||    50
       Dagger            |       |    32 |       ||    32
       Long sword        |       |     6 |       ||     6
       Punch             |       |     1 |       ||     1
       Flail             |       |       |    14 ||    14
       Morningstar       |       |       |     4 ||     4
 Cast: Shock             |    56 |    58 |    69 ||   183
       Static Discharge  |       |    11 |     1 ||    12
Evoke: Wand              |       |       |     2 ||     2
  Use: Scroll            |       |       |     7 ||     7
 Stab: Sleeping          |     1 |     1 |       ||     2
       Distracted        |       |     1 |       ||     1
Armor: Robe              |     7 |    21 |     2 ||    30
Dodge: Dodged            |    36 |    58 |    15 ||   109

Table legend: (Time is in decaauts)
 A = Elapsed time spent in this place.
 B = Non-inter-level travel time spent in this place.
 C = Inter-level travel time spent in this place.
 D = Time resting spent in this place.
 E = Time spent auto-exploring this place.
 F = Levels seen in this place.
 G = Mean time per level.
                   A        B        C        D        E       F      G
               +--------+--------+--------+--------+--------+-----+--------+
         Total |  12177 |  12093 |     84 |   8067 |   2303 |   6 | 2029.5 |
       Dungeon |  12177 |  12093 |     84 |   8067 |   2303 |   6 | 2029.5 |
               +--------+--------+--------+--------+--------+-----+--------+

Top non-repeatable levels by time:
     D:1: 2789 daAuts
     D:2: 2213 daAuts
     D:5: 2170 daAuts
     D:6: 2165 daAuts
     D:3: 1478 daAuts
     D:4: 1360 daAuts
